 Dungeon Crawl Stone Soup version 0.31-a0-112-gdf0485fa37 (webtiles) character file.

Game seed: 13745273273528012255

5488 Kenran the Basher (level 10, -1/85 HPs)
             Began as a Naga Monk on May 28, 2023.
             Was an Elder of Cheibriados.
             Slain by a gargoyle
             ... wielding a +0 mace
              (16 damage)
             ... on level 10 of the Dungeon.
             The game lasted 00:19:22 (6985 turns).

Kenran the Basher (Naga Monk)                       Turns: 6985, Time: 00:19:23

Health: -1/85      AC:  9    Str: 31    XL:     10   Next: 69%
Magic:  16/16      EV: 10    Int: 20    God:    Cheibriados [****..]
Gold:   450        SH:  0    Dex: 24    Spells: 9/9 levels left

rFire   + . .        a - +3 morningstar (heavy)
rCold   . . .        d - orb {light}
rNeg    . . .        w - +2 ring mail {rF+}
rPois   +            u - +0 helmet
rElec   .            z - +0 cloak
rCorr   .            (no gloves)
SInv    +            (no barding)
Will    +....        c - amulet of regeneration
Stlth   ++           g - +6 ring of strength
HPRegen 1.14/turn    (no ring)
MPRegen 0.15/turn

%: no passive effects
@: glowing, studying Invocations, very slow
A: AC +3, large, see invisible, deformed body, poison resistance, slowness 2,
spit poison 1, naga tail 1
a: Spit Poison, Renounce Religion, Bend Time, Temporal Distortion, Slouch


You were on level 10 of the Dungeon.
You worshipped Cheibriados.
Cheibriados was greatly pleased with you.
You visited 2 branches of the dungeon, and saw 11 of its levels.
You also visited: Sewer.

You collected 450 gold pieces.

Inventory:

Hand Weapons
 a - a +3 heavy morningstar (weapon)
 b - the +5 hand axe "Impbane" {protect, rF+ Stlth+}
   (You found it on level 4 of the Dungeon)

   rF:        It protects you from fire.
   Stlth:     It makes you more stealthy.
Missiles
 e - 22 poisoned darts
 m - 8 curare-tipped darts
Armour
 d - an orb of light (worn)
 l - a +0 kite shield
 q - +0 acid dragon scales
 u - a +0 helmet (worn)
 w - a +2 ring mail of fire resistance (worn)
 z - a +0 cloak (worn)
Jewellery
 c - an amulet of regeneration (around neck)
 g - a +6 ring of strength (left hand)
 v - a ring of resist corrosion
Wands
 r - a wand of flame (34)
 t - a wand of digging (9)
 y - a wand of acid (20)
Scrolls
 f - a scroll of silence
 j - 2 scrolls of immolation {!r}
 k - a scroll of fog
 o - 2 scrolls of enchant weapon
 A - a scroll of blinking
Potions
 h - 3 potions of enlightenment
 i - a potion of attraction {unknown}
 n - a potion of lignification {!q}
 p - a potion of heal wounds {@q2}
 s - 3 potions of cancellation
 x - a potion of degeneration {unknown}


   Skills:
 + Level 3.9 Fighting
 - Level 8.4(10.8) Axes
 - Level 10.7(12.0) Maces & Flails
 - Level 2.4 Dodging
 - Level 8.0 Stealth
 - Level 8.9 Invocations


You had 9 spell levels left.
You didn't know any spells.
Your spell library contained the following spells:

 Spells                   Type           Power      Damage    Failure   Level
 Shock                    Conj/Air       0%         1d3       26%         1
 Swiftness                Air            0%         N/A       63%         3
 Airstrike                Air            0%         2d(0-16)  95%         4


Dungeon Overview and Level Annotations

Branches:
Dungeon (9/15)             Temple (1/1) D:6           Sewer (visited)
   Lair: D:8-11         Orc: D:9-12

Altars:
Ashenzari
Cheibriados
Dithmenos
Elyvilon
Fedhas
Gozag
Hepliaklqana
Kikubaaqudgha
Makhleb
Nemelex Xobeh
Okawaru
Qazlal
Ru
Sif Muna
Trog
Uskayaw
Vehumet
Wu Jian
Xom
Yredelemnul
Zin
The Shining One

Annotations:
D:2 exclusion: downstairs


Innate Abilities, Weirdness & Mutations

Your serpentine skin is tough. (AC +3)
You have supernaturally acute eyesight. (SInv)
Armour fits poorly on your strangely shaped body.
Your system is resistant to poisons. (rPois)
You cover ground very slowly.
You can spit poison.
You have a snake-like lower body.


Message History

You hear a bellow!
The yak gores you.
You puncture the yak!
The yak is almost dead.
The killer bee stings you but does no damage.
The killer bee stings you. The killer bee stings you!
You perforate the yak like a sieve!!!
You kill the yak!
Cheibriados thoroughly appreciates the change of pace.
The killer bee stings you.
A yak comes into view.
The killer bee closely misses you.
Okay, then.
You bludgeon the killer bee!!
You kill the killer bee!
Cheibriados thoroughly appreciates the change of pace.
The yak gores you! The yak completely misses you.
A yak comes into view.
Okay, then.
Aiming: Corrosive Bolt
Press: ? - help, Shift-Dir - straight line, f - gargoyle
Aim: a gargoyle, wielding a +0 mace (haloed, 91% to hit)
The bolt of acid hits the yak.
The yak is lightly wounded.
The bolt of acid hits the yak!
The acid corrodes the yak!
The yak is moderately wounded.
The bolt of acid hits the gargoyle!
The acid corrodes the gargoyle!
The gargoyle is moderately damaged.
You impale the yak!!
The yak is almost dead.
The yak gores you! The yak barely misses you.
You impale the yak!!
You kill the yak!
Cheibriados thoroughly appreciates the change of pace.
The gargoyle hits you with a +0 mace!!
* * * LOW HITPOINT WARNING * * *
The yak gores you.
* * * LOW HITPOINT WARNING * * *
The yak completely misses you. The gargoyle hits you with a +0 mace!
You die...

#.##...#>..#...# .#
#.##...#...#...# .#
#.##...#)..#...# .#
#.##...#...#...##.#
..##...†..........#
..............##..#
..........######..#
......####.# #...#
#≣≣≣##.. #.# #.@†#
. #.##.Y9##
#.#.Y......Y
#.......... ##
#....#####.
#..#..(.# #..#..()#
#...).# #.....#


You could see 2 yaks and a gargoyle (corroded).

Vanquished Creatures
  A two-headed ogre (D:10)
  Maggie (D:8)
  A yaktaur (D:10)
  Sigmund (D:2)
  A wraith (D:8)
  6 yaks
  A wyvern (D:10)
  An ice beast (D:7)
  3 orc warriors
  A sky beast (D:8)
  4 ogres
  2 centaurs
  A kobold brigand (D:8)
  4 bullfrogs
  A scorpion (D:5)
  2 gnoll sergeants
  6 wights
  2 killer bees (D:10)
  4 howler monkeys
  2 jellies
  Crazy Yiuf (D:5)
  5 orc priests
  3 hounds
  A gnoll bouda (D:8)
  Jessica (D:2)
  3 iguanas
  Ijyb (D:4)
  10 orc wizards
  Natasha (thrice) (D:2)
  13 gnolls
  13 adders
  2 shadow imps
  2 worms
  4 dart slugs
  25 orcs
  5 endoplasms
  12 giant cockroaches
  9 goblins
  6 hobgoblins
  4 jackals (D:2)
  11 kobolds
  6 quokkas
  8 ball pythons
  3 bats
  9 frilled lizards
  8 rats
213 creatures vanquished.

Notes
Turn   | Place    | Note
-------+----------+-------------------------------------------
     0 | D:1      | Kenran the Naga Monk began the quest for the Orb.
     0 | D:1      | Reached XP level 1. HP: 21/21 MP: 1/1
    86 | D:1      | Reached XP level 2. HP: 28/28 MP: 2/2
   293 | D:1      | Reached skill level 4 in Maces & Flails
   321 | D:1      | Reached XP level 3. HP: 30/34 MP: 3/3
   354 | D:1      | Found a faded altar of an unknown god.
   549 | D:2      | Noticed Jessica
   552 | D:2      | Killed Jessica
   580 | D:2      | Reached XP level 4. HP: 42/42 MP: 4/4
   621 | D:2      | Reached skill level 5 in Maces & Flails
   721 | D:2      | Noticed Natasha
   735 | D:2      | Killed Natasha
  1062 | D:2      | Noticed Sigmund
  1071 | D:2      | Reached XP level 5. HP: 46/49 MP: 3/5
  1081 | D:2      | Killed Sigmund
  1082 | D:2      | Reached skill level 6 in Maces & Flails
  1082 | D:2      | Reached XP level 6. HP: 47/56 MP: 1/6
  1168 | D:2      | Noticed Natasha
  1180 | D:2      | Killed Natasha
  1359 | D:2      | Noticed Natasha
  1370 | D:2      | Killed Natasha
  1371 | D:2      | Reached skill level 7 in Maces & Flails
  1687 | D:3      | Reached XP level 7. HP: 6/62 MP: 0/7
  2250 | D:3      | Found a snail-covered altar of Cheibriados.
  2304 | D:3      | Reached skill level 8 in Maces & Flails
  2449 | D:4      | Noticed Ijyb
  2459 | D:4      | Killed Ijyb
  2699 | D:4      | Identified the +5 hand axe "Impbane" {protect, rF+ Stlth+}
  2924 | D:5      | Entered Level 5 of the Dungeon
  2943 | D:5      | Reached skill level 1 in Axes
  3210 | D:5      | Found a runed translucent door.
  3211 | D:5      | Noticed Crazy Yiuf
  3273 | D:5      | Found a stormy altar of Qazlal.
  3284 | D:5      | Found a glowing silver altar of Zin.
  3285 | D:5      | Found an iron altar of Okawaru.
  3319 | D:5      | Found an ancient bone altar of Kikubaaqudgha.
  3369 | D:5      | Found a shimmering blue altar of Sif Muna.
  3394 | D:5      | Reached XP level 8. HP: 66/69 MP: 8/8
  3418 | D:5      | Noticed a yak
  3434 | D:5      | Killed a yak
  3435 | D:5      | Reached skill level 5 in Axes
  3884 | D:5      | Killed Crazy Yiuf
  4151 | D:6      | Found a glowing drain.
  4160 | Sewer    | Entered a sewer
  4578 | D:6      | Found a staircase to the Ecumenical Temple.
  4587 | Temple   | Entered the Ecumenical Temple
  4726 | D:3      | Became a worshipper of Cheibriados the Contemplative
  4726 | D:3      | Reached * piety under Cheibriados
  4726 | D:3      | Reached ** piety under Cheibriados
  4852 | D:6      | Reached XP level 9. HP: 70/75 MP: 7/9
  5201 | D:7      | Reached skill level 1 in Invocations
  5219 | D:7      | HP: 2/75 [wight/+0 halberd (4)]
  5348 | D:7      | Reached skill level 5 in Invocations
  5405 | D:7      | Identified the +2 falchion of Bicli {heavy, rElec rF- Str+2
                  | Int+4}
  5688 | D:7      | Identified the +0 mace "Qeiruf" {heavy, Fly Will+ Dex+2}
  5700 | D:7      | Reached *** piety under Cheibriados
  5701 | D:7      | Reached skill level 9 in Maces & Flails
  6244 | D:8      | Noticed Maggie
  6298 | D:8      | Reached XP level 10. HP: 84/84 MP: 16/16
  6359 | D:8      | Killed Maggie
  6612 | D:9      | You fall into a shaft and drop 1 floor!
  6612 | D:10     | Entered Level 10 of the Dungeon
  6681 | D:10     | Noticed a two-headed ogre
  6685 | D:10     | Noticed a gargoyle
  6687 | D:10     | Killed a two-headed ogre
  6688 | D:10     | Reached skill level 10 in Maces & Flails
  6688 | D:10     | Reached skill level 5 in Stealth
  6750 | D:10     | Reached **** piety under Cheibriados
  6985 | D:10     | Slain by a gargoyle

Illustrated notes

Levels and vault maps discovered:
D:1:      dpeg_arrival_houses_and_road, layout_rooms,
          shapermc_ecumenical_altar_totnotflames
D:2:      layout_basic, kennysheep_flooded_box, chequers_serial_rivers_micro_c,
          minmay_pentomino_q2, uniq_natasha, uniq_jessica, uniq_sigmund
D:3:      layout_rooms, nicolae_overflow_hidden_temple, minivault_24
D:4:      layout_cave_pools, uniq_ijyb
D:5:      layout_gridville, kennysheep_mini, general_overflow_altar, minitemple,
          minmay_manual_monolith, uniq_crazy_yiuf_cottage
D:6:      layout_basic, minmay_temple_entry_junction,
          cheibrodos_sewer_entry_drain, hangedman_decor_clover_reticule,
          chequers_serial_rivers_large_a, hangedman_decor_slide_cut
D:7:      layout_loops_cross, nicolae_eternal_life
D:8:      layout_cave_pools, uniq_maggie
D:9:      layout_rooms
D:10:     minmay_ornate_pinched, layout_long_grid, erik_lair_dragon, orc_0_dummy
Temple:   nicolae_temple_x_marks_the_god

Skill      XL: |  1  2  3  4  5  6  7  8  9 10 |
---------------+-------------------------------+-----
Maces & Flails | 4 5 6 7 8 9 10 | 10.7
Axes           | 4 8 |  8.4
Invocations    | 8 |  8.9
Stealth        | 8 |  8.0
Fighting       | |  3.9
Dodging        | |  2.4

Action                     |  1- 3 |  4- 6 |  7- 9 | 10-12 || total
---------------------------+-------+-------+-------+-------++-------
  Melee: Mace              |    46 |    91 |    44 |       ||   181
         Hand axe          |       |       |   177 |       ||   177
         Morningstar       |       |       |   110 |    34 ||   144
  Throw: Dart              |       |     1 |     1 |     7 ||     9
Ability: Spit Poison       |    10 |    12 |    32 |     9 ||    63
  Evoke: Wand              |       |       |       |     1 ||     1
    Use: Potion            |       |     7 |     3 |       ||    10
         Scroll            |       |     2 |    12 |     1 ||    15
 Armour: Ring mail         |     8 |    19 |   137 |    20 ||   184
  Dodge: Dodged            |    21 |    42 |   176 |    36 ||   275

Table legend: (Time is in decaauts)
 A = Elapsed time spent in this place.
 B = Non-inter-level travel time spent in this place.
 C = Inter-level travel time spent in this place.
 D = Time resting spent in this place.
 E = Time spent auto-exploring this place.
 F = Levels seen in this place.
 G = Mean time per level.
                   A        B        C        D        E       F      G
               +--------+--------+--------+--------+--------+-----+--------+
         Total |  10274 |   9613 |    661 |   1164 |   5064 |  12 |  856.2 |
       Dungeon |   9798 |   9147 |    651 |   1067 |   4946 |  10 |  979.8 |
        Temple |     92 |     82 |     10 |      0 |     64 |   1 |   92.0 |
         Sewer |    383 |    383 |      0 |     97 |     53 |   1 |  383.0 |
               +--------+--------+--------+--------+--------+-----+--------+

Top non-repeatable levels by time:
     D:7: 1483 daAuts
     D:5: 1389 daAuts
     D:2: 1283 daAuts
     D:6: 1204 daAuts
     D:8: 1166 daAuts
     D:3: 906 daAuts
     D:4: 859 daAuts
    D:10: 792 daAuts
     D:1: 711 daAuts
   Sewer: 383 daAuts
  Temple: 92 daAuts
